cohdb
Replays
Latest Replays
All Replays
Popular Replays
Top Player Replays
Match Explorer
How It Works
Community
CoH3 Stats
Reddit
Sign in to upload your games and track your stats! →
Sign in with Steam
Match 42541639
Unlisted
Match 42541639
Overview
Messages
Build Orders
End
Construct Weapon Support Center
Engineer Squad
M1919 Machine Gun Team
Bazooka Squad
M1919 Machine Gun Team
Bazooka Squad
Mechanized Support Center
Construct Medical Station
M3 Armored Personnel Carrier
M1919 Machine Gun Team
M3 Armored Personnel Carrier
Construct Barracks
Designate Forward Repair Station
Riflemen Squad
Riflemen Squad
Grenade Package
M1918 Browning Automatic Rifles
B1t
SkyCurv
巨蟹座
90WISHROCKX
elfen
bradypus
nre_nuker
Silver
0
0
Comments
sign in to comment!
No comments posted yet!